 Dungeon Crawl Stone Soup version 0.23-a0-386-g9c9d49f (webtiles) character file.

41 Amnesiac the Shooter (level 3, 0/29 HPs)
             Began as a Centaur Hunter on Oct 28, 2018.
             Slain by an orc
             ... wielding a +0 club
              (3 damage)
             ... on level 4 of the Dungeon.
             The game lasted 00:07:51 (776 turns).

Amnesiac the Shooter (Centaur Hunter)                Turns: 776, Time: 00:07:52

Health: 0/29       AC:  4    Str: 14    XL:     3   Next: 32%
Magic:  3/3        EV:  9    Int: 10    God:
Gold:   31         SH:  0    Dex: 10    Spells: 2/2 levels left

rFire    . . .     SeeInvis .   b - +0 short sword
rCold    . . .     Gourm    .   (no shield)
rNeg     . . .     Faith    .   c - +0 leather armour
rPois    .         Spirit   .   (no helmet)
rElec    .         Reflect  .   (no cloak)
rCorr    .         Harm     .   (no gloves)
MR       .....                  (no barding)
Stlth    +.........             (no amulet)
HPRegen  0.09/turn              (no ring)
MPRegen  0.08/turn              (no ring)

@: lethally poisoned (0 -> -3), very quick
A: large, hooves 3, deformed body, speed 2, tough skin 3
a: no special abilities


You were on level 4 of the Dungeon.
You were not hungry.

You visited 1 branch of the dungeon, and saw 4 of its levels.

You collected 31 gold pieces.

Inventory:

Hand Weapons
 a - a +1 shortbow
 b - a +0 short sword (weapon)
Armour
 c - a +0 leather armour (worn)
Scrolls
 g - a scroll of teleportation {!r}
Comestibles
 f - a ration
 i - a chunk of flesh


   Skills:
 - Level 2.0 Fighting
 * Level 6.9 Bows
 - Level 1.3 Dodging
 - Level 0.4 Stealth


You had 2 spell levels left.
You didn't know any spells.
Your spell library was empty.

Dungeon Overview and Level Annotations

Branches:
Dungeon (4/15)
 Temple: D:4-7

Altars:
Ru

Annotations:
D:4 Blork the orc


Innate Abilities, Weirdness & Mutations

You have hooves in place of feet.
Armour fits poorly on your strangely shaped body.
You cover ground very quickly.
You have extremely tough skin. (AC +3)


Message History

b - a +0 short sword (weapon)
You feel sick.
An orc wizard opens the door.
The worker ant bites you.
Blork the orc comes into view.
He is wielding a +0 short sword.
Blork the orc shouts!
You feel sick.
The leopard gecko hisses menacingly.
You feel sick.
The orc wizard casts a cantrip, but nothing happens.
You feel sick.
You feel sick.
An adder skeleton comes into view.
You hear the slow rusting of a distant drain.
You feel sick.
You hit the adder skeleton.
The adder skeleton is moderately damaged.
You feel sick. The adder skeleton closely misses you.
You hit the adder skeleton.
The adder skeleton is severely damaged.
The adder skeleton barely misses you.
You barely miss the adder skeleton. You kick the adder skeleton.
You destroy the adder skeleton!
You feel sick.
Blork the orc hits you with a +0 short sword.
* * * LOW HITPOINT WARNING * * *
Blork the orc mumbles some strange words.
Blork the orc seems to speed up.
You feel sick.
Blork the orc hits you with a +0 short sword.
* * * LOW HITPOINT WARNING * * *
* * * LOW HITPOINT WARNING * * *
You feel sick.
Really quaff
e - a potion of heal wounds {!q}?
You feel much better.
You feel sick. Blork the orc closely misses you.
Blork the orc closely misses you.
Blork the orc gestures at you while chanting.
The puff of flame hits you!
You feel sick. The orc completely misses you.
You barely miss the orc.
You feel sick. The orc barely misses you.
You hit the orc.
The orc is severely wounded.
Blork the orc hits you with a +0 short sword. x2
The orc barely misses you.
You hit the orc but do no damage.
The orc is severely wounded.
Blork the orc hits you but does no damage.
The orc hits you but does no damage.
Blork the orc gestures at you while chanting.
The puff of flame hits you!
* * * LOW HITPOINT WARNING * * *
a - a +1 shortbow (weapon)
Blork the orc looks satisfied for a moment.
b - a +0 short sword (weapon)
You feel sick. The orc hits you with a +0 club.
* * * LOW HITPOINT WARNING * * *
Wield which item (- for none, * to show all)? (? for menu, Esc to quit)
Okay, then.
You hit the orc but do no damage. You kick the orc, but do no damage.
The orc is severely wounded.
Blork the orc begins to cast a cantrip, but forgets the words!
Blork the orc hits you with a +0 short sword.
* * * LOW HITPOINT WARNING * * *
The orc hits you with a +0 club.
You die...

### ###
####.###.#
#..a.#...#
#a##.#.#.#
####.##al.#.#
#..oa######l# .
#.##l##.@ola#
....##l##o#####
............>o.#
...######..oo(.##
# . #...'##(.##
.#. #...#{≈#..##
...###..##o≈##l.#
..%.....#≈l≈≈#..#
.........#≈≈≈
#..#


You could see Blork the orc, a worker ant, an orc and 2 leopard geckos.

Vanquished Creatures
  2 adders
  An adder skeleton (D:4)
  A worm (D:4)
  An orc (D:4)
  A giant cockroach (D:3)
  A hobgoblin (D:3)
  4 jackals (D:3)
  3 bats
  4 rats
18 creatures vanquished.

Notes
Turn   | Place    | Note
-------+----------+-------------------------------------------
     0 | D:1      | Amnesiac the Centaur Hunter began the quest for the Orb.
     0 | D:1      | Reached XP level 1. HP: 17/17 MP: 1/1
    97 | D:3      | Found a sacrificial altar of Ru.
   117 | D:3      | Reached XP level 2. HP: 5/24 MP: 2/2
   128 | D:3      | HP: 1/24 [jackal (1)]
   180 | D:2      | Reached skill level 6 in Bows
   586 | D:4      | Reached XP level 3. HP: 9/29 MP: 3/3
   745 | D:4      | Noticed Blork the orc
   776 | D:4      | Slain by an orc

Vault maps used:
D:1:      dpeg_arrival_leaves_temple_mockup
D:3:      dancing_weapons_uskayaw, nicolae_ru_awakened_eye, uniq_grinder
D:4:      minmay_temple_entry_large_hall, first_ration, gup_sewer_entry_bowl,
          minmay_divided_ellipse, uniq_blork_the_orc, uniq_purgy

Skill      XL: |  1  2 |
---------------+-------+-----
Bows           | 6 |  6.9
Fighting       | |  2.0
Dodging        | |  1.3
Stealth        | |  0.4

Action                   || total
-------------------------++-------
Melee: Short sword       ||    55
       Kick              ||    11
 Fire: Shortbow          ||    45
  Use: Potion            ||     3
       Scroll            ||     2
Armor: Leather armour    ||    42
Dodge: Dodged            ||    68

Table legend:
 A = Non-vault XP
 B = Vault XP
 C = Vault XP percentage of total XP
 D = Non-vault monster count
 E = Vault monster count
 F = Vault count percentage of total count
                 A         B        C        D         E       F
            +---------+---------+-------+---------+---------+-------
      Total |      43 |      16 |  27.1 |      16 |       2 |  11.1
            +---------+---------+-------+---------+---------+-------
        D:2 |       3 |       0 |   0.0 |       2 |       0 |   0.0
        D:3 |      30 |       0 |   0.0 |      12 |       0 |   0.0
        D:4 |      10 |      16 |  61.5 |       2 |       2 |  50.0
            +---------+---------+-------+---------+---------+-------
